 Dungeon Crawl Stone Soup version 0.30.1-4-g462c640d31 (webtiles) character file.

Game seed: 5063189671570827983

21830 HagarQim the Eclecticist (level 12, -1/64 HPs)
             Began as a Deep Elf Conjurer on Aug 18, 2023.
             Was an Elder of Vehumet.
             Slain by a culicivora (17 damage)
             ... on level 3 of the Lair of Beasts.
             The game lasted 01:28:30 (16409 turns).

HagarQim the Eclecticist (Deep Elf Conjurer)       Turns: 16409, Time: 01:28:32

Health: -1/64      AC: 12    Str:  6    XL:     12   Next: 57%
Magic:  3/31       EV: 14    Int: 30    God:    Vehumet [****..]
Gold:   660        SH:  0    Dex: 13    Spells: 15/44 levels left

rFire   . . .        n - +8 falchion of Taxation {drain, Int+3}
rCold   . . .        (no shield)
rNeg    . . .        a - +0 robe
rPois   +            j - +1 helmet
rElec   .            D - +1 cloak
rCorr   .            (no gloves)
SInv    +            E - +1 pair of boots {Fly}
Will    +....        P - amulet of regeneration
Stlth   +++          I - +4 ring of protection
HPRegen 1.90/turn    Q - ring of see invisible
MPRegen 0.22/turn

%: no passive effects
@: flying
A: low MP 1, poison resistance, regeneration 1, wild magic 1
a: Renounce Religion


You were on level 3 of the Lair of Beasts.
You worshipped Vehumet.
Vehumet was greatly pleased with you.
You visited 3 branches of the dungeon, and saw 13 of its levels.
You also visited: Bailey.

You collected 1230 gold pieces.
You spent 570 gold pieces at shops.

Inventory:

Hand Weapons
 i - a +0 dagger of freezing
 n - the +8 falchion of Taxation (weapon) {drain, Int+3}
   (You found it on level 5 of the Dungeon)

   Int:       It affects your intelligence (+3).
 q - the +8 hand axe of Invincibility {heavy, Str+3 Int+3}
   (You found it on level 5 of the Dungeon)

   Str:       It affects your strength (+3).
   Int:       It affects your intelligence (+3).
 r - a +0 short sword of venom
 B - a +1 dagger of protection
 F - a +1 antimagic arbalest
 J - a +2 long sword of holy wrath
Missiles
 h - 10 javelins
 o - 49 poisoned darts
 H - 2 throwing nets
Armour
 a - a +0 robe (worn)
 j - a +1 helmet (worn)
 v - a +1 leather armour of cold resistance
 z - the +0 scale mail "Ungirgh" {Rampage rPois Str+3}
   (You found it on level 8 of the Dungeon)

   Str:       It affects your strength (+3).
   rPois:     It protects you from poison.
   Rampage:   It bestows one free step when moving towards enemies.
 D - a +1 cloak (worn)
 E - a +1 pair of boots of flying (worn)
 S - the +3 pair of seven-league boots {Rampage+∞}
   (You found it on level 2 of the Lair of Beasts)

   Rampage+∞: When moving toward enemies, its wearer moves as far as possible,
   alerting their target en route.
Jewellery
 m - an amulet of the acrobat
 C - a ring of ice
 I - a +4 ring of protection (left hand)
 P - an amulet of regeneration (around neck)
 Q - a ring of see invisible (right hand)
Wands
 g - a wand of quicksilver (36)
 l - a wand of paralysis (17)
 O - a wand of flame (13)
Scrolls
 c - 2 scrolls of brand weapon
 s - 2 scrolls of fog
 t - a scroll of enchant weapon
 w - 2 scrolls of silence
 y - 5 scrolls of amnesia
 N - 2 scrolls of magic mapping
 R - a scroll of fear
Potions
 b - 3 potions of magic
 d - 2 potions of cancellation
 e - a potion of resistance
 f - 8 potions of curing
 k - 2 potions of berserk rage
 p - 2 potions of mutation
 x - a potion of ambrosia
 A - 4 potions of flight
 G - a potion of heal wounds
 K - a potion of brilliance
 M - 3 potions of lignification


   Skills:
 + Level 2.9 Fighting
 + Level 0.6(3.0) Short Blades
 + Level 4.3(4.4) Long Blades
 + Level 6.7 Dodging
 + Level 5.8 Stealth
 + Level 16.8 Spellcasting
 + Level 13.8 Conjurations
 + Level 3.1 Translocations
 + Level 1.0 Air Magic
 + Level 7.0 Earth Magic


You had 15 spell levels left.
You knew the following spells:

 Your Spells              Type           Power      Damage    Failure   Level
a - Magic Dart            Conj           100%       1d8       1%          1
b - Searing Ray           Conj           100%       2d8       1%          2
c - Kiss of Death         Conj/Necr      100%       2d13      1%          1
d - Iskenderun's Mystic   Conj/Tloc      78%        2d16      1%          4
e - Dazzling Flash        Conj/Hex       100%       N/A       1%          3
f - Stone Arrow           Conj/Erth      100%       3d13      1%          3
g - Orb of Destruction    Conj           48%        9d13      2%          7
h - Gell's Gravitas       Tloc           55%        N/A       2%          3
j - Arcjolt               Conj/Air       37%        1d47      1%          5

Your spell library contained the following spells:

 Spells                   Type           Power      Damage    Failure   Level
 Yara's Violent Unravell  Hex/Tmut       16%        3d8       16%         5
 Sandblast                Erth           100%       2d20      1%          1
 Lesser Beckoning         Tloc           100%       N/A       1%          2
 Passwall                 Tmut/Erth      46%        N/A       1%          2
 Mephitic Cloud           Conj/Pois/Air  64%        N/A       1%          3
 Fulminant Prism          Conj/Hex       36%        3d18      1%          4
 Teleport Other           Tloc           55%        N/A       2%          3
 Call Imp                 Summ           64%        N/A       4%          2
 Portal Projectile        Hex/Tloc       90%        N/A       4%          3
 Vhi's Electric Charge    Tloc/Air       98%        N/A       4%          3
 Summon Guardian Golem    Hex/Summ       32%        N/A       9%          3
 Tukima's Dance           Hex            32%        N/A       9%          3
 Summon Lightning Spire   Summ/Air       36%        N/A       21%         4
 Spellforged Servitor     Conj/Summ      36%        N/A       28%         7
 Blade Hands              Tmut           16%        N/A       52%         5
 Storm Form               Tmut/Air       18%        N/A       100%        7
 Maxwell's Capacitive Co  Air            20%        ∞         100%        8


Dungeon Overview and Level Annotations

Branches:
Dungeon (9/15)             Temple (1/1) D:6            Lair (3/5) D:9
  Swamp (0/4) Lair:3       Spider (0/4) Lair:3       Bailey (visited)
    Orc: D:9-12

Altars:
Ashenzari
Cheibriados
Dithmenos
Fedhas
Gozag
Hepliaklqana
Kikubaaqudgha
Makhleb
Nemelex Xobeh
Okawaru
Qazlal
Sif Muna
Trog
Uskayaw
Vehumet
Wu Jian
Xom
Yredelemnul
Zin
The Shining One

Shops:
D:8 ?   D:9 *

Annotations:
Lair:1 3 runed translucent doors, Keadol's ghost, journeyman DrCj
Lair:3 Amaemon


Innate Abilities, Weirdness & Mutations

Your magical capacity is low. (-10% MP)
Your system is resistant to poisons. (rPois)
Your natural rate of healing is unusually fast.
Your spells are a little harder to cast, but a little more powerful.


Message History

The stone arrow hits the elephant!!
You kill the elephant!
Vehumet accepts your kill.
You feel your power returning.
Your Air Magic skill increases to level 1!
Your Earth Magic skill increases to level 7!
Casting: Stone Arrow (safe; 1% risk of failure)
Confirm with . or Enter, or press ? or * to list all spells.
Aiming: Stone Arrow (safe; 1% risk of failure)
Press: ? - help, Shift-Dir - straight line, f - culicivora
Aim: a culicivora (61% to hit)
The stone arrow hits the culicivora!!
The culicivora is heavily wounded.
Casting: Stone Arrow (safe; 1% risk of failure)
Confirm with . or Enter, or press ? or * to list all spells.
You don't have enough magic to cast this spell.
The culicivora bites you!!
The culicivora draws strength from your injuries!
The culicivora bites you!
The culicivora draws strength from your injuries!
You hit the culicivora. You drain the culicivora.
The culicivora is heavily wounded.
The culicivora barely misses you.
You slash the culicivora!
The culicivora is severely wounded.
The culicivora closely misses you. The culicivora barely misses you.
You barely miss the culicivora.
The culicivora is severely wounded.
The culicivora bites you but does no damage. x2
You miss the culicivora.
The culicivora is severely wounded.
The culicivora bites you!
The culicivora draws strength from your injuries!
You closely miss the culicivora.
The culicivora is severely wounded.
The culicivora bites you!
* * * LOW HITPOINT WARNING * * *
The culicivora draws strength from your injuries!
The culicivora bites you!
You die...

,,.....###..####P..##
,,.....#..#'###...#.#
,,........††.......##
,,.................#
,,PPPP.............#
,,...P.............#
,,.PPP............##
,P...P...#P###P...#
,P.P.P...######.@.#
,..P.P...##..##s..#
,,PP.P....+..#....#
,,,P......#...#...#
,,,P.P...#...##...#
,,,P.P...#...#....#*
,PPPPP....#........#*
,........##.+.......#
,........###.#....###


You could see a culicivora (drained).

Vanquished Creatures
  A hydra (Lair:2)
  2 boulder beetles
  A two-headed ogre (D:9)
  Sonja (Lair:2)
  A cyclops (D:8)
  14 elephants
  A guardian serpent (Lair:2)
  4 cane toads
  2 black mambas
  2 rime drakes (Lair:1)
  A komodo dragon (Lair:1)
  5 blink frogs
  A hornet (D:9)
  A vampire (D:9)
  2 shadows
  11 wyverns
  19 yaks
  A basilisk (Lair:2)
  An acid dragon (D:9)
  11 water moccasins
  7 orc warriors
  A black bear (D:7)
  An ogre (D:5)
  A centaur (D:7)
  A phantom (D:6)
  5 kobold brigands
  4 gnoll sergeants
  8 bullfrogs
  2 scorpions (D:5)
  5 wights (D:7)
  6 killer bees (D:8)
  An electric eel (Lair:1)
  A howler monkey (D:5)
  A hound (D:5)
  2 jellies
  3 orc priests
  A gnoll bouda (D:7)
  2 sleepcaps (D:6)
  7 orc wizards
  14 adders
  22 gnolls
  A shadow imp (D:8)
  3 ufetubi
  2 worms
  5 dart slugs
  33 orcs
  8 ball pythons
  10 bats
  9 endoplasms
  A giant cockroach (D:1)
  16 goblins
  5 hobgoblins
  A jackal (D:4)
  6 quokkas
  3 frilled lizards (D:3)
  41 kobolds
  27 rats
348 creatures vanquished.

Notes
Turn   | Place    | Note
-------+----------+-------------------------------------------
     0 | D:1      | HagarQim the Deep Elf Conjurer began the quest for the Orb.
     0 | D:1      | Reached XP level 1. HP: 10/10 MP: 6/6
   224 | D:1      | Reached XP level 2. HP: 15/15 MP: 6/8
   267 | D:1      | Reached skill level 5 in Conjurations
   716 | D:1      | Reached XP level 3. HP: 19/19 MP: 6/9
  1433 | D:2      | Reached XP level 4. HP: 24/24 MP: 5/11
  1599 | D:2      | Learned a level 2 spell: Searing Ray
  1882 | D:2      | Found a faded altar of an unknown god.
  2078 | D:2      | Reached XP level 5. HP: 26/28 MP: 6/12
  2520 | D:2      | Reached skill level 4 in Spellcasting
  3826 | D:4      | You fall into a shaft and drop 1 floor!
  3826 | D:5      | Entered Level 5 of the Dungeon
  3827 | D:5      | Found an iron altar of Okawaru.
  3835 | D:5      | Identified the +8 hand axe of Invincibility {heavy, Str+3
                  | Int+3}
  3837 | D:5      | Identified the +8 falchion of Taxation {drain, Int+3}
  3848 | D:5      | Noticed an ogre
  3853 | D:5      | Killed an ogre
  3854 | D:5      | Reached skill level 5 in Spellcasting
  3854 | D:5      | Reached XP level 6. HP: 32/32 MP: 8/16
  3933 | D:5      | Found a glowing golden altar of the Shining One.
  4102 | D:5      | Reached skill level 6 in Spellcasting
  4286 | D:5      | Found a blossoming altar of Fedhas.
  4403 | D:5      | Reached XP level 7. HP: 36/36 MP: 14/18
  4773 | D:5      | Reached skill level 7 in Spellcasting
  6474 | D:6      | Noticed a shadow
  6488 | D:6      | Killed a shadow
  6489 | D:6      | Reached skill level 1 in Long Blades
  6615 | D:6      | Found a radiant altar of Vehumet.
  6629 | D:6      | Reached skill level 8 in Spellcasting
  6629 | D:6      | Reached XP level 8. HP: 42/42 MP: 15/22
  6676 | D:6      | Became a worshipper of Vehumet
  7105 | D:6      | Found a staircase to the Ecumenical Temple.
  7114 | Temple   | Entered the Ecumenical Temple
  8012 | D:7      | Reached skill level 1 in Fighting
  8012 | D:7      | Reached skill level 9 in Spellcasting
  8165 | D:6      | Gained mutation: You have hidden genetic potential. [potion
                  | of mutation]
  8165 | D:6      | Gained mutation: Your magical capacity is low. (-10% MP)
                  | [potion of mutation]
  8165 | D:6      | Gained mutation: Your natural rate of healing is unusually
                  | fast. [potion of mutation]
  8231 | D:7      | Reached * piety under Vehumet
  8231 | D:7      | Offered knowledge of Kiss of Death by Vehumet.
  8251 | D:7      | Learned a level 1 spell: Kiss of Death
  8256 | D:7      | Learned a level 4 spell: Iskenderun's Mystic Blast
  8260 | D:7      | Learned a level 3 spell: Dazzling Flash
  8909 | D:8      | Reached XP level 9. HP: 47/47 MP: 22/22
  8919 | D:8      | Noticed a cyclops
  8937 | D:8      | Reached skill level 5 in Stealth
  9039 | D:8      | Killed a cyclops
  9040 | D:8      | Reached skill level 10 in Spellcasting
  9055 | D:8      | Gained mutation: Your spells are a little harder to cast,
                  | but a little more powerful. [hidden potential]
  9089 | D:8      | Identified the +0 scale mail "Ungirgh" {Rampage rPois
                  | Str+3}
  9142 | D:8      | Reached skill level 1 in Translocations
  9148 | D:8      | Reached skill level 5 in Dodging
  9151 | D:8      | Reached skill level 11 in Spellcasting
  9197 | D:8      | Found an ornate altar of the Wu Jian Council.
  9259 | D:8      | Found a flagged portal.
  9272 | Bailey   | Entered a bailey
  9334 | Bailey   | Reached ** piety under Vehumet
  9334 | Bailey   | Offered knowledge of Freeze by Vehumet.
  9365 | Bailey   | Reached skill level 10 in Conjurations
  9734 | Bailey   | Reached XP level 10. HP: 54/54 MP: 14/24
 10223 | D:7      | Offered knowledge of Stone Arrow by Vehumet.
 10228 | D:7      | Learned a level 3 spell: Stone Arrow
 10489 | D:8      | Gained mutation: Your system is resistant to poisons.
                  | (rPois) [hidden potential]
 10489 | D:8      | Lost mutation: You have hidden genetic potential. [hidden
                  | potential expressed]
 10552 | D:8      | Found The Oracle's Delphic Readings.
 11120 | D:9      | Found Pyixzeek's General Store.
 11132 | D:9      | Reached skill level 1 in Earth Magic
 11135 | D:9      | Reached *** piety under Vehumet
 11251 | D:9      | Reached skill level 12 in Spellcasting
 11698 | D:9      | Noticed a two-headed ogre
 11716 | D:9      | Killed a two-headed ogre
 11915 | D:9      | Offered knowledge of Volatile Blastmotes by Vehumet.
 11998 | D:9      | Found a staircase to the Lair.
 12007 | D:9      | Reached skill level 13 in Spellcasting
 12239 | D:9      | Reached XP level 11. HP: 59/59 MP: 22/27
 12448 | D:9      | Reached **** piety under Vehumet
 12888 | D:8      | Bought Maxwell's Memoranda for 570 gold pieces
 12894 | D:8      | Learned a level 5 spell: Arcjolt
 12971 | Lair:1   | Entered Level 1 of the Lair of Beasts
 13051 | Lair:1   | Noticed Keadol's ghost (journeyman DrCj)
 13055 | Lair:1   | Found a runed translucent gate.
 13055 | Lair:1   | Found a runed translucent gate.
 13055 | Lair:1   | Found a runed translucent gate.
 13150 | Lair:1   | Reached skill level 14 in Spellcasting
 13653 | D:9      | Offered knowledge of Yara's Violent Unravelling by Vehumet.
 13768 | Lair:1   | Reached skill level 5 in Earth Magic
 13850 | Lair:1   | Learned a level 7 spell: Orb of Destruction
 13888 | Lair:1   | Reached skill level 15 in Spellcasting
 14496 | Lair:2   | Noticed a four-headed hydra
 14501 | Lair:2   | Killed a four-headed hydra
 14571 | Lair:2   | Noticed Sonja
 14575 | Lair:2   | Killed Sonja
 14836 | Lair:2   | Reached XP level 12. HP: 64/64 MP: 22/30
 15291 | Lair:2   | Noticed a boulder beetle
 15292 | Lair:2   | Reached skill level 16 in Spellcasting
 15469 | Lair:2   | Noticed a boulder beetle
 15644 | Lair:1   | Killed a boulder beetle
 15868 | Lair:2   | Killed a boulder beetle
 15990 | Lair:2   | Found the +3 pair of seven-league boots {Rampage+∞}
 16171 | Lair:3   | Noticed a five-headed hydra
 16177 | Lair:3   | Noticed Amaemon
 16336 | Lair:3   | Learned a level 3 spell: Gell's Gravitas
 16403 | Lair:3   | Reached skill level 1 in Air Magic
 16409 | Lair:3   | Slain by a culicivora

Illustrated notes

Levels and vault maps discovered:
D:1:      dpeg_arrival_simpleton_b, layout_basic
D:2:      layout_basic, dilly_ecumenical_altar_fadedgnrine, minmay_rat_hole
D:3:      layout_loops_ring
D:4:      layout_cave_pools, grunt_decor_mini_mirrors, st_stairs_6
D:5:      layout_loops_ring, okawaru_ov_weapons_minmay, kennysheep_little_box,
          nicolae_tso_carved_into_rock
D:6:      layout_basic, vehumet_crystals, minmay_temple_entry_poolview,
          hellmonk_bongcloud_opening
D:7:      layout_cave_pools, nicolae_elevator_lobby_asterisk
D:8:      kennysheep_big_flooded_room, layout_loops_ring,
          mainiacjoe_overflow_chevrons, enter_bailey_3,
          nicolae_nh_oracle_at_delphi
D:9:      layout_grid_maze, minmay_lair_entry_grove, serial_shops, shop
Temple:   hellmonk_temple_of_storms
Lair:1:   layout_gridlike, gammafunk_ghost_split
Lair:2:   layout_big_grid, hellmonk_guarded_unrand_seven_league_boots,
          serial_bayou_shore_b, uniq_sonja
Lair:3:   layout_regular_city, palyth_hydra_swamp_entry,
          hellmonk_spider_entry_life_and_decay, minmay_hedge_maze, uniq_amaemon

Skill      XL: |  1  2  3  4  5  6  7  8  9 10 11 12 |
---------------+-------------------------------------+-----
Conjurations   | 5 6 7 8 9 10 11 12 13 | 13.8
Stealth        | 3 4 5 |  5.8
Spellcasting   | 5 6 8 9 11 13 15 16 | 16.8
Dodging        | 3 4 5 6 |  6.7
Long Blades    | 1 2 4 |  4.3
Fighting       | 1 2 |  2.9
Translocations | 1 2 3 |  3.1
Earth Magic    | 3 5 7 |  7.0
Air Magic      | 1 |  1.0
Short Blades   | |  0.6

Action                     |  1- 3 |  4- 6 |  7- 9 | 10-12 || total
---------------------------+-------+-------+-------+-------++-------
  Melee: Dagger            |       |     4 |       |       ||     4
         Falchion          |       |     6 |    73 |    17 ||    96
         Punch             |       |       |     1 |       ||     1
   Cast: Magic Dart        |    67 |   143 |   159 |   102 ||   471
         Searing Ray       |       |     4 |    34 |     9 ||    47
         Iskenderun's Myst |       |       |     8 |    30 ||    38
         Dazzling Flash    |       |       |     1 |       ||     1
         Stone Arrow       |       |       |       |   181 ||   181
         Orb of Destructio |       |       |       |     7 ||     7
         Arcjolt           |       |       |       |     9 ||     9
    Use: Scroll            |       |     8 |     8 |     8 ||    24
         Potion            |       |     4 |     7 |     2 ||    13
   Stab: Invisible         |       |       |     1 |       ||     1
 Armour: Robe              |     2 |     5 |    23 |    32 ||    62
  Dodge: Dodged            |     4 |    26 |   103 |   109 ||   242
